 Dungeon Crawl Stone Soup version 0.28.0-45-g0d030f2227 (webtiles) character file.

Game seed: 11597725519491577583

242 MisterFreud the Nimble (level 5, -2/24 HPs)
             Began as a Felid Berserker on May 15, 2022.
             Was a Follower of Trog.
             Slain by a black bear (3 damage)
             ... on level 6 of the Dungeon.
             The game lasted 00:06:07 (6118 turns).

MisterFreud the Nimble (Felid Berserker)            Turns: 6118, Time: 00:06:08

Health: -2/24      AC:  2    Str: 13    XL:     5   Next: 82%
Magic:  6/6        EV: 22    Int:  9    God:    Trog [*.....]
Gold:   137        SH:  0    Dex: 17    Spells: 4/4 levels left
                                        Lives:  0   Deaths: 2

rFire   + . .      SeeInvis +     - Unarmed
rCold   . . .      Faith    .   (shield unavailable)
rNeg    . . .      Spirit   .   (armour unavailable)
rPois   .          Reflect  .   (helmet unavailable)
rElec   .          Harm     .   (cloak unavailable)
rCorr   .          Rampage  .   (gloves unavailable)
Will    +....                   (boots unavailable)
Stlth   +++.......              (no amulet)
HPRegen 0.08/turn               f - ring of willpower
MPRegen 0.10/turn               c - ring of protection from fire

@: quick
A: very small, claws 1, fangs 3, see invisible, speed 1, shaggy fur 2, stealthy
paws, no weapons or thrown items, no armour, multi-lived
a: Renounce Religion, Berserk


You were on level 6 of the Dungeon.
You worshipped Trog.
Trog was aware of your devotion.
You visited 1 branch of the dungeon, and saw 6 of its levels.
You also visited: Sewer.

You collected 175 gold pieces.
You spent 38 gold pieces at shops.

Inventory:

Jewellery
 c - a ring of protection from fire (right paw)
 f - a ring of willpower (left paw)
 l - an amulet of magic regeneration
Wands
 e - a wand of polymorph (9)
 g - a wand of charming (8)
Scrolls
 d - a scroll of magic mapping
 k - 2 scrolls of fog
Potions
 a - a potion of magic
 b - a potion of might
 h - a potion of flight


   Skills:
 - Level 3.0 Fighting
 + Level 8.0 Dodging
 - Level 6.0 Stealth
 - Level 6.0 Unarmed Combat


You had 4 spell levels left.
You didn't know any spells.
Your spell library was empty.

Dungeon Overview and Level Annotations

Branches:
Dungeon (6/15)             Temple (0/1) D:5           Sewer (visited)

Altars:
Elyvilon
Kikubaaqudgha
Sif Muna

Shops:
D:2 *


Innate Abilities, Weirdness & Mutations

You have sharp claws.
You have razor-sharp teeth.
You have supernaturally acute eyesight. (SInv)
You cover ground quickly. (Speed+)
You are covered in thick fur. (AC +2)
Your paws help you pounce on unaware monsters.
You are incapable of wielding weapons or throwing items.
You cannot wear armour.
You gain extra lives every three experience levels.


Message History

The gnoll hits you with a +0 whip!
You die...
The gnoll closely misses you.
You are now level 5!
You rejoin the land of the living...
Found 18 gold pieces and a potion of might.
Unknown command.
Unknown command.
A hound comes into view.
A hound is nearby!
A hound is nearby!
A black bear and a white imp come into view.
Found a scroll of teleportation.
The white imp shouts, "Slither hence, thou unctious fob-snatching bum-bailey!"
The hound barks!
The hound misses you.
You scratch the hound.
The hound is lightly wounded.
The hound completely misses you. The white imp gestures at you.
The puff of frost hits you!
You barely miss the hound.
The hound is lightly wounded.
The hound completely misses you.
You claw the hound! Your bite misses the hound.
The hound is severely wounded.
The hound bites you. The white imp gestures at you. The puff of frost hits you.
* * * LOW HITPOINT WARNING * * *
The hound bites you.
* * * LOW HITPOINT WARNING * * *
The black bear bites you.
* * * LOW HITPOINT WARNING * * *
The black bear closely misses you. The black bear claws you.
* * * LOW HITPOINT WARNING * * *
The white imp gestures at you. The puff of frost misses you.
The hound misses you. The hound closely misses you. The black bear bites you.
You die...

....
.......##.
#..##.......
#..##..##.#
##.........#
###..........#
............##
..##.....##.#
. #......## .#
#...@.$.# ..
##.hh.......!.
#......5... .
....####.....
..... #....
##.?.. ....
#.... .. #....


You could see a black bear, a hound and a white imp.

Vanquished Creatures
  A sky beast (D:5)
  3 ogres
  A phantom (D:5)
  Blork the orc (D:4)
  A howler monkey (D:5)
  A bullfrog skeleton (D:5)
  A centaur skeleton (D:5)
  An iguana (D:5)
  An orc wizard (D:4)
  A hell rat (Sewer)
  5 gnolls (D:5)
  2 adders
  2 river rats (Sewer)
  A white imp (D:5)
  An adder skeleton (D:4)
  8 orcs
  2 ball pythons (D:2)
  2 bats
  5 endoplasms
  6 giant cockroaches
  4 hobgoblins
  6 jackals (D:3)
  8 kobolds
  A quokka (D:1)
  2 frilled lizards
  5 goblins
  7 rats
79 creatures vanquished.

Notes
Turn   | Place    | Note
-------+----------+-------------------------------------------
     0 | D:1      | MisterFreud the Felid Berserker began the quest for the
                  | Orb.
     0 | D:1      | Reached XP level 1. HP: 10/10 MP: 2/2
   347 | D:1      | Reached skill level 1 in Stealth
   683 | D:1      | Reached XP level 2. HP: 12/14 MP: 3/3
  1332 | D:1      | Reached * piety under Trog
  2119 | D:2      | Found Qete's Assorted Antiques.
  2125 | D:2      | Bought a ruby potion for 18 gold pieces
  2125 | D:2      | Bought a scroll labelled IRHUSO WAICRI for 20 gold pieces
  2198 | D:2      | Reached XP level 3. HP: 2/17 MP: 4/4
  2843 | D:2      | You fall into a shaft and drop 1 floor!
  2963 | D:3      | Noticed an ogre
  2974 | D:3      | Killed an ogre
  2975 | D:3      | Reached XP level 4. HP: 21/21 MP: 5/5
  3065 | D:3      | Reached XP level 5. HP: 14/24 MP: 6/6
  3389 | D:3      | Found a white marble altar of Elyvilon.
  3695 | D:4      | Found a glowing drain.
  3712 | Sewer    | Entered a sewer
  3985 | Sewer    | Reached skill level 5 in Stealth
  4163 | D:4      | Noticed an ogre
  4173 | D:4      | Killed an ogre
  4174 | D:4      | Reached skill level 5 in Unarmed Combat
  4174 | D:4      | Gained mutation: You are covered in thick fur. (AC +2)
                  | [Felid growth]
  4174 | D:4      | Reached XP level 6. HP: 20/28 MP: 7/7
  4452 | D:4      | Found an ancient bone altar of Kikubaaqudgha.
  4649 | D:4      | Found a shimmering blue altar of Sif Muna.
  5250 | D:4      | Noticed Blork the orc
  5256 | D:4      | Killed Blork the orc
  5754 | D:5      | Entered Level 5 of the Dungeon
  5785 | D:5      | Reached skill level 5 in Dodging
  5798 | D:5      | Reached XP level 7. HP: 17/31 MP: 8/8
  5943 | D:5      | Reached skill level 6 in Dodging
  5963 | D:5      | Reached skill level 7 in Dodging
  6058 | D:5      | Slain by a sky beast
  6059 | D:5      | Reached XP level 6. HP: -1/28 MP: 7/7
  6069 | D:5      | Found a staircase to the Ecumenical Temple.
  6090 | D:5      | Reached skill level 8 in Dodging
  6090 | D:5      | HP: 1/42 [gnoll sergeant/+0 spear (9)]
  6108 | D:6      | Mangled by a gnoll
  6109 | D:6      | Reached XP level 5. HP: -7/24 MP: 6/6
  6111 | D:6      | Noticed a black bear
  6117 | D:6      | HP: 1/24 [black bear (3)]
  6118 | D:6      | Slain by a black bear

Illustrated notes

Levels and vault maps discovered:
D:1:      lightli_iron_boxes, layout_loops_corners, nicolae_figureground_sparkle
D:2:      layout_loops_ring, serial_shops, nicolae_diamond_shop, basic_altar
D:3:      layout_rooms, mainiacjoe_overflow_alcove_1, skrybe_limestone_x
D:4:      layout_basic, kiku_gazebo_garden_becter,
          mainiacjoe_overflow_tiny_flanked, portal_sewer_entry_d,
          nicolae_zen_rock_garden, uniq_blork_the_orc
D:5:      layout_cave_pools, minmay_temple_entry_hall
D:6:      layout_cave_pools, item_on_display_a

Skill      XL: |  1  2  3  4  5  6  7 |
---------------+----------------------+-----
Stealth        | 1 2 4 6 |  6.0
Unarmed Combat | 4 5 6 |  6.0
Dodging        | 8 7 |  8.0
Fighting       | |  3.0

Action                   |  1- 3 |  4- 6 |  7- 9 || total
-------------------------+-------+-------+-------++-------
Melee: Unarmed           |    87 |   168 |    25 ||   280
       Bite              |     4 |    16 |     3 ||    23
       Punch             |       |     7 |     2 ||     9
Invok: Berserk           |     4 |     4 |     1 ||     9
  Use: Scroll            |     1 |    12 |       ||    13
       Potion            |     1 |       |       ||     1
 Stab: Sleeping          |     5 |     4 |       ||     9
Armor: Skin              |     5 |     7 |     1 ||    13
Dodge: Dodged            |    55 |   157 |    25 ||   237
